 Dungeon Crawl Stone Soup version 0.28.0-53-g5a82cb258f (webtiles) character file.

Game seed: 12022665418970228379

2946 diana the Skirmisher (level 9, -3/78 HPs)
             Began as a Demigod Transmuter on Aug 21, 2022.
             Slain by an orc priest
             ... wielding a +0 flail
              (4 damage)
             ... on level 6 of the Dungeon.
             The game lasted 00:19:24 (9116 turns).

diana the Skirmisher (Demigod Transmuter)           Turns: 9116, Time: 00:19:25

Health: -3/78      AC:  2    Str: 11    XL:     9   Next: 27%
Magic:  14/19      EV: 23    Int: 27    God:
Gold:   384        SH:  0    Dex: 19    Spells: 7/17 levels left

rFire   . . .      SeeInvis .     - Unarmed
rCold   . . .      Faith    .   (shield currently unavailable)
rNeg    . . .      Spirit   .   (armour currently unavailable)
rPois   x          Reflect  .   (helmet currently unavailable)
rElec   .          Harm     .   (cloak currently unavailable)
rCorr   .          Rampage  .   (gloves currently unavailable)
Will    .....                   (boots currently unavailable)
Stlth   ++........              (no amulet)
HPRegen 0.23/turn               (no ring)
MPRegen 0.16/turn               (no ring)

@: lethally poisoned (-3 -> -6), spider-form, very slightly contaminated
A: venomous fangs, tiny, high MP 1, forlorn, divine attributes
a: End Transformation


You were on level 6 of the Dungeon.
You were a venomous arachnid creature.
You visited 2 branches of the dungeon, and saw 8 of its levels.
You also visited: Sewer.

You collected 384 gold pieces.

Inventory:

Armour
 a - a +0 robe (melded)
 e - a +1 pair of gloves (melded)
 t - a +0 cloak (melded)
Wands
 u - a wand of mindburst (9)
 y - a wand of acid (6)
 z - a wand of paralysis (10)
Scrolls
 d - 2 scrolls of fear
 g - 4 scrolls of teleportation
 i - a scroll of noise {unknown}
 j - a scroll of magic mapping {unknown}
 k - 5 scrolls of fog {unknown}
 m - a scroll of enchant armour {unknown}
 o - 2 scrolls of vulnerability {unknown}
 p - 5 scrolls of identify {unknown}
 r - a scroll of enchant weapon {unknown}
 v - a scroll of torment {unknown}
Potions
 b - 2 potions of curing
 c - a potion of magic {unknown}
 f - 2 potions of brilliance {unknown}
 h - 2 potions of ambrosia {unknown}
 l - 4 potions of heal wounds {unknown}
 n - a potion of mutation {unknown}
 q - a potion of degeneration {unknown}
 s - a potion of flight {unknown}
 w - a potion of haste {unknown}
 x - 2 potions of invisibility {unknown}
 A - a potion of cancellation {unknown}


   Skills:
 + Level 6.7 Fighting
 + Level 5.2 Dodging
 * Level 5.9 Unarmed Combat
 + Level 4.8 Spellcasting
 + Level 5.1 Transmutations


You had 7 spell levels left.
You knew the following spells:

 Your Spells              Type           Power      Damage    Failure   Level
a - Beastly Appendage     Tmut           68%        N/A       4%          1
b - Wereblood             Tmut           34%        N/A       6%          2
c - Spider Form           Tmut/Pois      20%        N/A       21%         3
d - Ice Form              Ice/Tmut       20%        N/A       47%         4

Your spell library contained the following spells:

 Spells                   Type           Power      Damage    Failure   Level
 Foxfire                  Conj/Fire      24%        2x1d5     21%         1
 Magic Dart               Conj           24%        1d4       21%         1
 Call Imp                 Summ           6%         N/A       26%         2
 Sublimation of Blood     Necr           6%         N/A       26%         2
 Conjure Flame            Conj/Fire      6%         6-21      43%         3
 Inner Flame              Hex/Fire       6%         N/A       43%         3
 Mephitic Cloud           Conj/Pois/Air  6%         N/A       43%         3
 Flame Wave               Conj/Fire      6%         2d5       78%         4
 Summon Hydra             Summ           3%         N/A       100%        7


Dungeon Overview and Level Annotations

Branches:
Dungeon (7/15)             Temple (1/1) D:6           Sewer (visited)

Shops:
D:2 :   D:5 :   D:6 [

Annotations:
D:6 Maggie


Innate Abilities, Weirdness & Mutations

You are a venomous arachnid creature.
You have poisonous fangs.
You are tiny and dextrous.
Your spellcasting is less reliable in this form.
Your armour is entirely melded.
You are incapable of wielding weapons or throwing items.
You have an increased reservoir of magic. (+10% MP)
You shall have no god before yourself.
Your divine heritage dramatically boosts your attributes as you level up.


Message History

Casting: Wereblood (safe; 1% risk of failure)
Confirm with . or Enter, or press ? or * to list all spells.
You turn into a venomous arachnid creature.
Your +0 cloak melds into your body.
Your +1 pair of gloves melds into your body.
Your +0 robe melds into your body.
You feel very sick. The orc closely misses you. The orc priest misses you.
The orc closely misses you.
The orc priest mumbles some strange prayers to Beogh against you.
Beogh smites you!
* * * LOW HITPOINT WARNING * * *
Something hits you.
* * * LOW HITPOINT WARNING * * *
Unknown command.
You hit the orc priest but do no damage.
The orc priest is poisoned.
You feel sick. The orc misses you. The orc priest hits you with a +0 club.
* * * LOW HITPOINT WARNING * * *
The orc misses you. The orc priest closely misses you. Something hits you.
* * * LOW HITPOINT WARNING * * *
You hit the orc priest.
The orc priest looks as sick as possible!
The orc priest is lightly wounded.
You feel sick. The orc misses you. The orc priest hits you with a +0 club.
* * * LOW HITPOINT WARNING * * *
The orc misses you. The orc priest completely misses you.
Unknown command.
You hit the orc priest.
The orc priest is heavily wounded.
You feel sick. Something hits you but does no damage.
The orc completely misses you.
You barely miss the orc priest.
You feel sick.
The orc hits you with a +0 whip of venom.
* * * LOW HITPOINT WARNING * * *
The orc priest mumbles some strange prayers to Beogh against you.
Pain shoots through your body!
* * * LOW HITPOINT WARNING * * *
The orc priest hits you with a +0 flail.
You die...

#.# #.#.... #.###.##.#. #########
#...†...... #.......# #####.##.#.
#####.......########### #.##.#.
##...#.##......#.......# #......
#......##....#>#.#####.# ####.##
#.............o.{..###.# #...#
#......##......so...##.# #...#
###...#.##<#..#o#o...##.# #...#
..##.##.........#..#..#.# #....
.....###.....###..###...#####....
..#### #.....# #...#..##.........
.## #.....# #.#.......)....... .#
#.....# #.....###.........
.#######.....# #####.# ######....
......######## #.# #....


You could see 2 orc priests and 2 orcs.

Vanquished Creatures
  Pikel (D:4)
  Sigmund (D:2)
  A water moccasin (D:7)
  Duvessa (D:5)
  Pargi (Sewer)
  3 orc warriors
  2 black bears
  3 sky beasts (D:7)
  3 ice beasts
  An ogre (D:6)
  A necrophage (D:6)
  A lemure (D:4)
  A wyvern zombie (D:6)
  A water moccasin zombie (D:5)
  Dowan (D:5)
  A bullfrog zombie (D:5)
  A centaur zombie (D:6)
  2 orc priests
  A hound (D:5)
  Jessica (D:3)
  4 iguanas
  4 orc wizards
  2 killer bee zombies
  6 gnolls
  5 adders
  A howler monkey skeleton (D:5)
  A white imp (D:7)
  2 ufetubi
  3 worms (D:3)
  2 dart slugs
  19 orcs
  5 ball pythons
  9 bats
  10 endoplasms
  2 giant cockroaches
  12 goblins
  7 hobgoblins
  4 jackals
  7 quokkas
  3 frilled lizards
  4 kobolds
  11 rats
151 creatures vanquished.

Notes
Turn   | Place    | Note
-------+----------+-------------------------------------------
     0 | D:1      | diana the Demigod Transmuter began the quest for the Orb.
     0 | D:1      | Reached XP level 1. HP: 15/15 MP: 5/5
    15 | D:1      | Reached skill level 1 in Fighting
   584 | D:1      | Reached XP level 2. HP: 10/23 MP: 5/7
  1444 | D:2      | Reached XP level 3. HP: 28/28 MP: 6/8
  1760 | D:2      | Found Woeparul's Book Emporium.
  1776 | D:2      | Reached skill level 2 in Fighting
  2066 | D:2      | Reached XP level 4. HP: 33/36 MP: 8/10
  2102 | D:2      | Noticed Sigmund
  3139 | D:2      | Learned a level 2 spell: Wereblood
  3143 | D:2      | Learned a level 3 spell: Spider Form
  3235 | D:3      | Reached XP level 5. HP: 28/42 MP: 8/11
  3274 | D:3      | Noticed Jessica
  3289 | D:3      | Killed Jessica
  3479 | D:3      | Found a glowing drain.
  3487 | Sewer    | Entered a sewer
  3523 | Sewer    | Noticed Pargi
  3539 | Sewer    | Killed Pargi
  3540 | Sewer    | Reached skill level 3 in Fighting
  3540 | Sewer    | Reached XP level 6. HP: 41/51 MP: 10/13
  3828 | D:2      | Killed Sigmund
  4530 | D:3      | Reached skill level 4 in Fighting
  4592 | D:4      | Reached XP level 7. HP: 59/59 MP: 8/14
  4986 | D:4      | Noticed Pikel
  5018 | D:4      | Killed Pikel
  5239 | D:5      | Entered Level 5 of the Dungeon
  5266 | D:5      | Reached skill level 5 in Fighting
  5394 | D:5      | Noticed Duvessa
  5398 | D:5      | Noticed Dowan
  5409 | D:5      | Killed Duvessa
  5410 | D:5      | Reached XP level 8. HP: 42/68 MP: 13/16
  5540 | D:5      | Killed Dowan
  6424 | D:5      | Found Kuoby's Self-Improvement Boutique.
  6695 | D:6      | Reached skill level 6 in Fighting
  6695 | D:6      | Reached skill level 5 in Unarmed Combat
  6798 | D:6      | Found a staircase to the Ecumenical Temple.
  6964 | Temple   | Entered the Ecumenical Temple
  7186 | D:6      | Noticed Maggie
  7232 | D:6      | Found Tain's Antique Armour Emporium.
  7756 | D:5      | Learned a level 4 spell: Ice Form
  7932 | D:7      | Reached skill level 5 in Dodging
  7932 | D:7      | Reached XP level 9. HP: 28/78 MP: 10/19
  8253 | D:7      | Reached skill level 5 in Transmutations
  9116 | D:6      | HP: 1/78 [orc priest/nerve-wracking pain (7)]
  9116 | D:6      | Slain by an orc priest

Illustrated notes

Levels and vault maps discovered:
D:1:      grunt_arrival_crossed_arrows, layout_basic,
          shapermc_ecumenical_altar_pompeii, minmay_cupped
D:2:      layout_loops_ring, serial_shops, shop, minmay_tree_intersection,
          uniq_sigmund
D:3:      layout_basic, cheibrodos_sewer_entry_bend, minmay_close_crescents,
          uniq_jessica
D:4:      layout_rooms, mainiacjoe_overflow_alcove_2, uniq_pikel
D:5:      layout_gridville, elyvilon_altar_1, mainiacjoe_overflow_cross_hatched,
          nicolae_shop_self_help, uniq_duvessa
D:6:      layout_loops_cross, minmay_temple_entry_slanted, serial_shops,
          nicolae_shop_hallway_stairs, uniq_maggie
D:7:      layout_basic, tso_metal_star
Temple:   nicolae_temple_great_sept

Skill      XL: |  1  2  3  4  5  6  7  8  9 |
---------------+----------------------------+-----
Fighting       | 1 2 3 4 5 6 |  6.7
Transmutations | 2 3 4 5 |  5.1
Spellcasting   | 2 3 4 |  4.8
Dodging        | 2 3 4 5 |  5.2
Unarmed Combat | 3 4 5 |  5.9

Action                   |  1- 3 |  4- 6 |  7- 9 || total
-------------------------+-------+-------+-------++-------
Melee: Unarmed           |   115 |   160 |   280 ||   555
       Kick              |    25 |    25 |    27 ||    77
       Headbutt          |     6 |    18 |    20 ||    44
       Punch             |     2 |     3 |     4 ||     9
 Cast: Beastly Appendage |    34 |    26 |    24 ||    84
       Wereblood         |       |     4 |     4 ||     8
       Spider Form       |       |     5 |    28 ||    33
  Use: Scroll            |       |     2 |       ||     2
       Potion            |       |       |     2 ||     2
 Stab: Sleeping          |     1 |       |       ||     1
       Distracted        |       |     1 |       ||     1
Armor: Robe              |    27 |    35 |    23 ||    85
       Skin              |       |     3 |    10 ||    13
Dodge: Dodged            |    72 |   117 |   218 ||   407
